 Dungeon Crawl Stone Soup version 0.28.0-47-ge53b351184 (webtiles) character file.

Game seed: 2437700387952681849

13 CryoSword the Magician (level 2, -1/22 HPs)
             Began as a Djinni Hedge Wizard on May 8, 2022.
             Slain by a jackal (2 damage)
             ... on level 1 of the Dungeon.
             The game lasted 00:00:45 (693 turns).

CryoSword the Magician (Djinni Hedge Wizard)         Turns: 693, Time: 00:00:46

Health: -1/22      AC:  2    Str:  9    XL:     2   Next: 50%
Gold:   41         EV: 12    Int: 15    God:
                   SH:  0    Dex: 12

rFire   + + .      SeeInvis .   a - +0 dagger
rCold   x . .      Faith    .   (no shield)
rNeg    + . .      Spirit   .   b - +0 robe
rPois   ∞          Reflect  .   c - +0 hat
rElec   .          Harm     .   (no cloak)
rCorr   .          Rampage  .   (no gloves)
Will    .....                   (boots unavailable)
Stlth   ++........              (no amulet)
HPRegen 0.07/turn               g - ring of positive energy
MPRegen 0.00/turn               (no ring)

@: flying
A: sickness immunity, fire resistance 2, cold vulnerability 1, float, innate
caster, HP casting, extra vitality 1
a: no special abilities


You were on level 1 of the Dungeon.
You visited 1 branch of the dungeon, and saw 1 of its levels.

You collected 41 gold pieces.

Inventory:

Hand Weapons
 a - a +0 dagger (weapon)
Missiles
 f - 5 poisoned darts
Armour
 b - a +0 robe (worn)
 c - a +0 hat (worn)
Jewellery
 g - a ring of positive energy (left hand)
   (You found it on level 1 of the Dungeon)
Scrolls
 d - a scroll of teleportation {unknown}
 e - a scroll of enchant armour {unknown}


   Skills:
 + Level 1.2 Fighting
 - Level 2.1 Dodging
 - Level 1.5 Stealth
 + Level 2.7 Spellcasting


You couldn't memorise any spells.
You knew the following spells:

 Your Spells              Type           Power      Damage    Failure   Level
a - Magic Dart            Conj           40%        1d5       7%          1
b - Call Imp              Summ           10%        N/A       11%         2
c - Slow                  Hex            40%        N/A       7%          1
d - Conjure Flame         Conj/Fire      10%        6-21      21%         3
B - Blink                 Tloc           20%        N/A       11%         2
C - Mephitic Cloud        Conj/Pois/Air  10%        N/A       21%         3
Your spell library was empty.

Dungeon Overview and Level Annotations

Branches:
Dungeon (1/15)

Altars:


Innate Abilities, Weirdness & Mutations

You are immune to sickness and miasma.
You are immune to poison.
Your flesh is very heat resistant. (rF++)
You are vulnerable to cold. (rC-)
You float through the air rather than walking.
You learn spells naturally, not from books.
Your magical power is your life essence.
You have superior vitality. (+4 MHP)


Message History

You have reached level 2!
You miscast Magic Dart.
You are very lightly contaminated with residual magic.
Nothing appears to happen.
Aim: a frilled lizard (100% to hit)
The magic dart hits the frilled lizard.
You kill the frilled lizard!
That beam is likely to hit you.
Continue anyway?
Okay, then.
Your magical contamination has completely faded away.
You now have 32 gold pieces (gained 11).
A bat comes into view.
A bat is nearby!
A bat is nearby!
A bat is nearby!
A bat is nearby!
Found a stone staircase leading down.
The bat hits you but does no damage.
You hit the bat. The bat completely misses you.
Found an onyx ring.
The bat misses you.
You closely miss the bat. The bat hits you.
Aim: a bat (moderately wounded, 100% to hit)
The magic dart hits the bat but does no damage.
The bat hits you.
Aim: a bat (moderately wounded, 100% to hit)
The magic dart hits the bat.
You kill the bat!
A goblin comes into view. It is wielding a +0 dagger.
A goblin is nearby!
A goblin is nearby!
A goblin is nearby!
The goblin shouts!
A ball python comes into view.
The goblin hits you but does no damage.
The ball python hisses angrily.
You hit the goblin but do no damage. The goblin closely misses you.
You barely miss the goblin. The goblin closely misses you.
You closely miss the goblin. The goblin hits you with a +0 dagger.
The ball python bites the plant.
The plant begins to die.
The ball python completely misses the plant.
You hit the goblin.
The ball python bites the plant.
The ball python grabs the plant.
The ball python constricts the plant.
The goblin closely misses you.
You hit the goblin.
You kill the goblin!
The ball python loses its grip on the plant.
A beastly little devil appears in a puff of flame.
The ball python bites you. The ball python grabs you.
The ball python constricts you.
You hit the ball python.
A nearby plant withers and dies.
The ball python closely misses you. The ball python constricts you.
You hit the ball python.
You kill the ball python!
No target in view!
Your crimson imp disappears in a puff of smoke!
Things that are here:
a +0 dagger; a ball python corpse
g - a ring of positive energy A ball python comes into view.
You see here 9 gold pieces.
A ball python is nearby!
g - a ring of positive energy (left hand)
A ball python is nearby!
You now have 41 gold pieces (gained 9).
A ball python is nearby!
A ball python is nearby!
A jackal comes into view.
A dart slug comes into view.
The jackal barks!
The ball python hisses angrily.
A jackal comes into view. x2
The ball python closely misses you. The ball python barely misses you.
The dart slug launches a dart at you. The slug dart hits you.
The jackal moves out of view.
The jackal barks!
You hit the ball python. The ball python bites you.
The ball python barely misses you. The ball python misses you.
The ball python closely misses you.
The jackal barks!
You hit the ball python but do no damage.
The dart slug launches a dart at you. The slug dart misses you.
The ball python closely misses you. The ball python grabs you.
The ball python constricts you.
You escape the ball python's grasp.
The ball python barely misses you. x2
Aim: a ball python (severely wounded, 100% to hit)
The magic dart hits the ball python.
You kill the ball python!
A metallic apparition takes form in the air.
The jackal closely misses you.
You hit the jackal but do no damage. The jackal closely misses you.
You hit the jackal but do no damage. The jackal barely misses you.
The jackal bites you.
You closely miss the jackal.
The jackal bites you but does no damage.
Your iron imp closely misses the jackal.
The jackal closely misses you.
You hit the jackal but do no damage. The jackal barely misses you. x2
The jackal bites you but does no damage.
The jackal barely misses you.
Your iron imp completely misses the jackal.
You hit the jackal but do no damage. The jackal completely misses you.
The jackal bites you.
The jackal bites you but does no damage.
The jackal barely misses you.
Your iron imp barely misses the jackal.
You hit the jackal but do no damage. The jackal bites you.
The jackal bites you but does no damage.
The jackal closely misses you. x2; The jackal bites you.
You hit the jackal. The jackal barely misses you.
The jackal closely misses you.
Your iron imp closely misses the jackal.
The jackal bites you. The jackal barely misses you.
You barely miss the jackal. The jackal misses you.
The jackal closely misses you.
Your iron imp closely misses the jackal.
The jackal barely misses you.
The jackal bites you but does no damage.
You barely miss the jackal. The jackal bites you.
* * * LOW HITPOINT WARNING * * *
The jackal bites you.
* * * LOW HITPOINT WARNING * * *
The jackal bites you.
* * * LOW HITPOINT WARNING * * *
The jackal closely misses you.
Your iron imp hits the jackal but does no damage.
You barely miss the jackal. The jackal barely misses you. The jackal bites you.
* * * LOW HITPOINT WARNING * * *
The jackal bites you but does no damage. x2
Your iron imp hits the jackal.
Found 6 gold pieces.
The jackal closely misses your iron imp.
Your iron imp hits the jackal.
The jackal dies!
The jackal bites you.
* * * LOW HITPOINT WARNING * * *
Found a sapphire potion and a robe.
The jackal bites you but does no damage.
Aim: a jackal (ally target, 100% to hit)
The magic dart hits the jackal but does no damage.
* * * LOW HITPOINT WARNING * * *
The jackal misses you. The jackal bites you.
* * * LOW HITPOINT WARNING * * *
The jackal closely misses you. x2
You don't have enough health to cast this spell.
Unknown command.
You hit the jackal but do no damage. The jackal barely misses you.
The jackal closely misses you.
You hit the jackal. The jackal bites you.
You die...

. #. #. ......#..### #. .#...
............#####. ......
....$..[.........) ....#...#.#..
#.................
...#.........###......!....#...#.
.♣♣≈≈♣.................. #.⌠.#.
♣≈P≈≈P♣.......$h........ #...#.
≈≈≈≈P≈≈♣....#.5h@....... #.⌠.#.
≈≈≈≈≈≈≈PP...#........... #...#.
≈≈≈P≈≈♣≈................ #.⌠.#.
≈≈≈≈≈≈≈....†..###....... #...#.
≈≈≈≈≈≈P.......###....... #.>.#.
≈≈≈♣♣♣≈.........#.....#. #...#.
≈≈ ♣≈................######.⌠.##
≈ ♣≈.##.....##.#.....#..........
♣≈. ##..####.#.....#..........


You could see 2 jackals and a friendly iron imp (summoned).

Vanquished Creatures
  2 endoplasms (D:1)
  A goblin (D:1)
  2 hobgoblins (D:1)
  A kobold (D:1)
  2 ball pythons (D:1)
  A bat (D:1)
  A frilled lizard (D:1)
10 creatures vanquished.

Vanquished Creatures (collateral kills)
  A jackal (D:1)
1 creature vanquished.

Vanquished Creatures (others)
  2 plants (D:1)
2 creatures vanquished.

Grand Total: 13 creatures vanquished

Notes
Turn   | Place    | Note
-------+----------+-------------------------------------------
     0 | D:1      | CryoSword the Djinni Hedge Wizard began the quest for the
                  | Orb.
     0 | D:1      | Reached XP level 1. HP: 15/15 MP: 0/0
   435 | D:1      | Reached skill level 1 in Fighting
   435 | D:1      | Reached XP level 2. HP: 18/22 MP: 0/0
   691 | D:1      | HP: 1/22 [jackal (1)]
   693 | D:1      | Slain by a jackal

Illustrated notes

Levels and vault maps discovered:
D:1:      lemuel_arrival_hallway, layout_basic, serial_bayou_lagoon_b

Skill      XL: |  1 |
---------------+----+-----
Fighting       | 1 |  1.2
Dodging        | |  2.1
Stealth        | |  1.5
Spellcasting   | |  2.7

Action                   || total
-------------------------++-------
Melee: Dagger            ||    32
 Cast: Magic Dart        ||    16
       Call Imp          ||     2
 Stab: Sleeping          ||     1
Armor: Robe              ||    12
Dodge: Dodged            ||    45
